 Dungeon Crawl Stone Soup version 0.30-a0-373-gd37427bb62 (webtiles) character file.

Game seed: 11239375299805905941

1624 pokeman the Thaumaturge (level 8, -2/44 HPs)
             Began as a Deep Elf Hedge Wizard on Nov 23, 2022.
             Was an Initiate of Vehumet.
             Slain by a wraith (13 damage)
             ... on level 6 of the Dungeon.
             The game lasted 00:13:45 (7949 turns).

pokeman the Thaumaturge (Deep Elf Hedge Wizard)     Turns: 7949, Time: 00:13:45

Health: -2/44      AC:  3    Str:  7    XL:     8   Next: 65%
Magic:  24/33      EV: 12    Int: 22    God:    Vehumet [......]
Gold:   406        SH:  0    Dex: 14    Spells: 20/28 levels left

rFire   . . .      SeeInvis .    t - +2 flail (venom)
rCold   . . .      Faith    .    (no shield)
rNeg    . . .      Spirit   .    i - +0 leather armour
rPois   +          Reflect  .    c - +0 hat
rElec   .          Harm     .    (no cloak)
rCorr   .          Rampage  .    (no gloves)
Will    .....                    (no boots)
Stlth   ++........               (no amulet)
HPRegen 0.27/turn                s - ring of magical power
MPRegen 0.23/turn                C - ring of poison resistance

@: on blink cooldown, slowed, very slow
A: no striking features
a: Renounce Religion


You were on level 6 of the Dungeon.
You worshipped Vehumet.
Vehumet was noncommittal.
You visited 2 branches of the dungeon, and saw 7 of its levels.

You collected 406 gold pieces.

Inventory:

Hand Weapons
 t - a +2 flail of venom (weapon)
Armour
 c - a +0 hat (worn)
 i - a +0 leather armour (worn)
 z - a +0 buckler
Magical Staves
 p - a staff of conjuration
Jewellery
 h - an amulet of faith
 s - a ring of magical power (left hand)
 C - a ring of poison resistance (right hand)
Wands
 n - a wand of roots (5)
 E - a wand of flame (19)
Scrolls
 b - a scroll of immolation {unknown}
 e - 2 scrolls of fog {unknown}
 f - 3 scrolls of identify {unknown}
 g - 2 scrolls of enchant weapon {unknown}
 l - a scroll of teleportation {unknown}
 q - a scroll of noise {unknown}
 r - a scroll of amnesia {unknown}
 y - a scroll of vulnerability {unknown}
 A - a scroll of magic mapping {unknown}
 B - 2 scrolls of blinking {unknown}
 F - a scroll of brand weapon {unknown}
 G - a scroll of fear {unknown}
 H - a scroll of poison {unknown}
Potions
 a - 3 potions of flight {unknown}
 d - a potion of magic
 j - a potion of lignification {unknown}
 k - a potion of haste
 m - 4 potions of curing {unknown}
 o - a potion of mutation {unknown}
 u - 2 potions of brilliance {unknown}
 v - 2 potions of berserk rage {unknown}
 w - a potion of resistance {unknown}
 x - 2 potions of heal wounds {unknown}
 D - a potion of degeneration {unknown}


   Skills:
 - Level 2.0 Fighting
 - Level 2.0 Armour
 - Level 3.0 Dodging
 - Level 3.0 Stealth
 + Level 2.4 Shields
 * Level 10.7 Spellcasting
 + Level 5.8 Conjurations
 - Level 1.1 Summonings
 - Level 1.1 Translocations
 - Level 1.0 Air Magic
 - Level 1.0 Poison Magic
 - Level 1.0 Evocations


You had 20 spell levels left.
You knew the following spells:

 Your Spells              Type           Power      Damage    Failure   Level
a - Magic Dart            Conj           100%       1d8       1%          1
b - Mephitic Cloud        Conj/Pois/Air  23%        N/A       9%          3
c - Call Imp              Summ           16%        N/A       8%          2
d - Blink                 Tloc           32%        N/A       8%          2

Your spell library contained the following spells:

 Spells                   Type           Power      Damage    Failure   Level
 Slow                     Hex            44%        N/A       9%          1
 Cigotuvi's Dreadful Rot  Necr/Pois/Air  28%        N/A       10%         2


Dungeon Overview and Level Annotations

Branches:
Dungeon (6/15)             Temple (1/1) D:5

Altars:
Ashenzari
Cheibriados
Dithmenos
Kikubaaqudgha
Makhleb
Nemelex Xobeh
Qazlal
Ru
Trog
Vehumet
Yredelemnul
Zin
The Shining One


Message History

The wraith misses you. The wraith hits you! The wraith drains your vigour!
You feel as though you will be slow longer.
Casting: Magic Dart (safe; 1% risk of failure)
Confirm with . or Enter, or press ? or * to list all spells.
Aiming: Magic Dart (safe; 1% risk of failure)
Press: ? - help, Shift-Dir - straight line, f/p - wraith
Aim: a wraith (severely damaged, 100% to hit)
The magic dart hits the wraith but does no damage.
The wraith is severely damaged.
The wraith closely misses you.
Casting: Magic Dart (safe; 1% risk of failure)
Confirm with . or Enter, or press ? or * to list all spells.
Aiming: Magic Dart (safe; 1% risk of failure)
Press: ? - help, Shift-Dir - straight line, f/p - wraith
Aim: a wraith (severely damaged, 100% to hit)
The magic dart hits the wraith but does no damage.
The wraith is severely damaged.
The wraith hits you!
* * * LOW HITPOINT WARNING * * *
The wraith drains your vigour!
You feel as though you will be slow longer.
The wraith hits you but does no damage.
Casting: Magic Dart (safe; 1% risk of failure)
Confirm with . or Enter, or press ? or * to list all spells.
Aiming: Magic Dart (safe; 1% risk of failure)
Press: ? - help, Shift-Dir - straight line, f/p - wraith
Aim: a wraith (severely damaged, 100% to hit)
The magic dart hits the wraith!
The wraith is almost destroyed.
The wraith hits you but does no damage.
Unknown command.
Casting: Magic Dart (safe; 1% risk of failure)
Confirm with . or Enter, or press ? or * to list all spells.
You blink.
Unknown command.
Casting: Blink (safe; 8% risk of failure)
Confirm with . or Enter, or press ? or * to list all spells.
A beastly little devil appears in a puff of flame.
The wraith hits you!
You die...

......###≈~~.#..# #.#
...#####∩_...+..# #.#
.### ##~~~.#### #.# .#
#≈≈~.### #.# .# ######.#
#.# .# #####...##.# #.#
.# #..........# #.#
.###.####.###.##########
#.#
.#.............W@.5....#
#.#
.#.###.######.########.#
##.## ...# #.# #.#
#.####...# ##.###.# #.#
#.##.....# #.....# #.#
#.##.#...# ####.## #.#
##.##.##### ##.# #.#
#..##.# #..#######.#
#.###.# #..........#
#..##.##


You could see a wraith (ally target) and a friendly crimson imp (summoned).

Vanquished Creatures
  2 ice beasts (D:5)
  2 ogres (D:6)
  A black bear (D:6)
  2 phantoms
  A bullfrog (D:6)
  5 scorpions
  A howler monkey (D:5)
  A crimson imp (D:6)
  3 hounds
  An iguana (D:4)
  Jessica (D:2)
  Natasha (thrice) (D:2)
  7 gnolls
  9 adders
  2 shadow imps
  An ufetubus (D:6)
  3 worms
  4 dart slugs
  An orc (D:4)
  6 endoplasms
  4 giant cockroaches
  5 goblins
  10 hobgoblins
  7 jackals (D:5)
  5 quokkas
  6 ball pythons
  5 bats
  6 frilled lizards
  11 kobolds
  2 rats
117 creatures vanquished.

Vanquished Creatures (collateral kills)
  An ogre (D:5)
  A howler monkey (D:5)
  An endoplasm (D:4)
3 creatures vanquished.

Vanquished Creatures (others)
  3 plants (D:5)
3 creatures vanquished.

Grand Total: 123 creatures vanquished

Notes
Turn   | Place    | Note
-------+----------+-------------------------------------------
     0 | D:1      | pokeman the Deep Elf Hedge Wizard began the quest for the
                  | Orb.
     0 | D:1      | Reached XP level 1. HP: 10/10 MP: 7/7
   307 | D:1      | Reached XP level 2. HP: 15/15 MP: 5/9
  1235 | D:2      | Noticed Jessica
  1240 | D:2      | Killed Jessica
  1241 | D:2      | Reached skill level 5 in Spellcasting
  1241 | D:2      | Reached XP level 3. HP: 20/20 MP: 4/11
  1399 | D:2      | Learned a level 3 spell: Mephitic Cloud
  1402 | D:2      | Learned a level 2 spell: Call Imp
  1405 | D:2      | Learned a level 2 spell: Blink
  1511 | D:2      | Reached skill level 1 in Armour
  1531 | D:2      | Reached skill level 1 in Fighting
  1661 | D:2      | Reached XP level 4. HP: 25/25 MP: 4/13
  1911 | D:2      | Noticed Natasha
  1920 | D:2      | Killed Natasha
  2742 | D:2      | Noticed Natasha
  2751 | D:2      | Killed Natasha
  2752 | D:2      | Reached skill level 6 in Spellcasting
  2752 | D:2      | Reached XP level 5. HP: 16/29 MP: 8/15
  2951 | D:2      | Noticed Natasha
  2960 | D:2      | Killed Natasha
  3119 | D:3      | Found a sparkling altar of Nemelex Xobeh.
  3137 | D:3      | Reached skill level 1 in Poison Magic
  3832 | D:3      | Reached skill level 1 in Air Magic
  4124 | D:3      | Found a faded altar of an unknown god.
  4444 | D:3      | Found a stormy altar of Qazlal.
  4637 | D:4      | Reached XP level 6. HP: 30/34 MP: 17/17
  4645 | D:4      | Reached skill level 1 in Evocations
  4754 | D:4      | Reached skill level 7 in Spellcasting
  5304 | D:5      | Entered Level 5 of the Dungeon
  5319 | D:5      | Reached XP level 7. HP: 33/40 MP: 20/20
  5422 | D:5      | Reached skill level 8 in Spellcasting
  5630 | D:5      | Reached skill level 9 in Spellcasting
  5701 | D:5      | Found an ancient bone altar of Kikubaaqudgha.
  5992 | D:5      | Found a staircase to the Ecumenical Temple.
  6000 | D:5      | Reached XP level 8. HP: 44/44 MP: 23/23
  6006 | Temple   | Entered the Ecumenical Temple
  6028 | Temple   | Became a worshipper of Vehumet
  6198 | D:5      | Reached skill level 1 in Shields
  6198 | D:5      | Reached skill level 5 in Conjurations
  6677 | D:6      | Reached skill level 10 in Spellcasting
  6831 | D:6      | Found a shadowy altar of Dithmenos.
  7464 | D:6      | Found a burning altar of Makhleb.
  7949 | D:6      | Slain by a wraith

Illustrated notes

Levels and vault maps discovered:
D:1:      dpeg_arrival_oval, layout_basic
D:2:      layout_loops_corners, uniq_jessica, uniq_natasha
D:3:      layout_basic, mainiacjoe_overflow_boulevard,
          mainiacjoe_overflow_concentric_impassable,
          ebering_ecumenical_altar_sacrificial, skrybe_limestone_x,
          minmay_quantized
D:4:      kennysheep_big_flooded_room, layout_basic
D:5:      layout_loops_ring, mainiacjoe_overflow_alcove_2,
          minmay_temple_entry_hall, serial_bayou_pond_a
D:6:      layout_loops_ring, makhleb_grotto_becter, kennysheep_little_box
Temple:   nicolae_temple_great_sept

Skill      XL: |  1  2  3  4  5  6  7  8 |
---------------+-------------------------+-----
Spellcasting   | 5 6 7 9 10 | 10.7
Armour         | 1 2 |  2.0
Fighting       | 1 2 |  2.0
Conjurations   | 2 3 4 5 |  5.8
Stealth        | 3 |  3.0
Dodging        | 3 |  3.0
Poison Magic   | 1 |  1.0
Air Magic      | 1 |  1.0
Evocations     | 1 |  1.0
Shields        | 2 |  2.4
Summonings     | |  1.1
Translocations | |  1.1

Action                   |  1- 3 |  4- 6 |  7- 9 || total
-------------------------+-------+-------+-------++-------
Melee: Dagger            |    11 |    36 |       ||    47
       Punch             |     1 |     1 |       ||     2
       Flail             |       |     9 |    35 ||    44
 Cast: Magic Dart        |    75 |   118 |   103 ||   296
       Mephitic Cloud    |     1 |    13 |     8 ||    22
       Call Imp          |       |     1 |     3 ||     4
       Blink             |       |       |     2 ||     2
Evoke: Wand              |       |       |     4 ||     4
 Stab: Confused          |       |     6 |     5 ||    11
       Sleeping          |       |     1 |       ||     1
Armor: Robe              |     1 |       |       ||     1
       Leather armour    |     1 |     7 |     9 ||    17
Dodge: Dodged            |    16 |    36 |    37 ||    89

Table legend: (Time is in decaauts)
 A = Elapsed time spent in this place.
 B = Non-inter-level travel time spent in this place.
 C = Inter-level travel time spent in this place.
 D = Time resting spent in this place.
 E = Time spent auto-exploring this place.
 F = Levels seen in this place.
 G = Mean time per level.
                   A        B        C        D        E       F      G
               +--------+--------+--------+--------+--------+-----+--------+
         Total |   7992 |   7671 |    321 |    379 |   5712 |   7 | 1141.7 |
       Dungeon |   7959 |   7647 |    312 |    379 |   5694 |   6 | 1326.5 |
        Temple |     32 |     23 |      9 |      0 |     18 |   1 |   32.0 |
               +--------+--------+--------+--------+--------+-----+--------+

Top non-repeatable levels by time:
     D:2: 2008 daAuts
     D:6: 1447 daAuts
     D:3: 1411 daAuts
     D:5: 1186 daAuts
     D:1: 1077 daAuts
     D:4: 828 daAuts
  Temple: 32 daAuts
